 Dungeon Crawl Stone Soup version 0.16.1-18-g436b03c (webtiles) character file.

8 Floorman the Firebug (level 2, -3/20 HPs)
             Began as a Hill Orc Fire Elementalist on May 12, 2015.
             Slain by a hobgoblin
             ... wielding a +0 club
              (5 damage)
             ... on level 1 of the Dungeon.
             The game lasted 00:02:59 (534 turns).

Floorman the Firebug (Hill Orc Fire Elementalist)    Turns: 534, Time: 00:02:59

Health: -3/20      AC:  2    Str: 10    XL:     2   Next: 8%
Magic:  1/3        EV: 12    Int: 15    God:
Gold:   48         SH:  0    Dex: 11    Spells: 1 memorised, 3 levels left

rFire  + . .     SeeInvis .     (no weapon)
rCold  x . .     Clarity  .     a - +0 robe
rNeg   . . .     SustAb   .     (no shield)
rPois  .         Gourm    .     (no helmet)
rElec  .         Spirit   .     (no cloak)
rCorr  .         Warding  .     (no gloves)
rMut   .         Stasis   .     (no boots)
MR     .....                    (no amulet)
Stlth  ++........               (no ring)
                                e - ring of fire

@: not resistant to hostile enchantments, unstealthy
A: no striking features
a: no special abilities


You were on level 1 of the Dungeon.
You were not hungry.

You visited 1 branch of the dungeon, and saw 2 of its levels.

You collected 48 gold pieces.

Inventory:

Hand weapons
 d - a +0 dagger
Armour
 a - a +0 robe (worn)
Jewellery
 e - a ring of fire (left hand)
Books
 b - a book of Flames

   Spells                             Type                      Level
   a - Flame Tongue                   Conjuration/Fire             1
   b - Throw Flame                    Conjuration/Fire             2
   c - Conjure Flame                  Conjuration/Fire             3
   d - Inner Flame                    Hexes/Fire                   3
   e - Sticky Flame                   Conjuration/Fire             4
   f - Fireball                       Conjuration/Fire             5
Comestibles
 c - a meat ration
 f - a bread ration


   Skills:
 + Level 1.6 Dodging
 + Level 1.6 Stealth
 + Level 1.7 Spellcasting
 + Level 1.0 Conjurations
 + Level 3.6 Fire Magic


You had 3 spell levels left.
You knew the following spells:

 Your Spells              Type           Power        Failure   Level  Hunger
a - Flame Tongue          Conj/Fire      ##...        12%         1    ##.....


Dungeon Overview and Level Annotations

Branches:
Dungeon (2/15)

Altars:


Message History

Aim: a hobgoblin, wielding a club You feel a surge of power!
The flame tongue misses the hobgoblin.
The hobgoblin closely misses you.
Your magical contamination has completely faded away.
Casting: Flame Tongue
Confirm with . or Enter, or press ? or * to list all spells.
You don't know that spell.
You hit the hobgoblin.
The hobgoblin is heavily wounded.
The hobgoblin barely misses you.
You hit the hobgoblin but do no damage.
The hobgoblin is heavily wounded.
You hit the hobgoblin but do no damage.
The hobgoblin is heavily wounded.
The hobgoblin hits you with a club.
* * * LOW HITPOINT WARNING * * *
You hit the hobgoblin but do no damage.
The hobgoblin is heavily wounded.
The hobgoblin hits you with a club.
You die...

. ######...## ### #..
#...#.....###.# ..
##........##...# ..
#.....######(#..
.###...............
..##...######..#.# #.##...#
#.##..
...##.####.###########.###.
.........g@................
#.##.....##[........#######
#.......#.........# #
#.......#.........# #
.........#........(# #
##.....############ #.....#
...... ...


You could see a hobgoblin.

Vanquished Creatures
  A giant gecko (D:1)
  A giant cockroach (D:1)
  2 goblins (D:1)
  A bat (D:1)
  2 rats (D:1)
7 creatures vanquished.

Vanquished Creatures (others)
  2 minotaurs (D:1)
  A draconian (D:1)
  A vine stalker (D:1)
  A vampire (D:1)
  A formicid (D:1)
  A human (D:1)
  2 nagas (D:1)
  An ogre (D:1)
  A centaur (D:1)
  A mummy (D:1)
  2 orcs (D:1)
  A kobold (D:1)
  4 tentacles (D:1)
  51 tentacle segments (D:1)
70 creatures vanquished.

Grand Total: 77 creatures vanquished

Notes
Turn   | Place    | Note
--------------------------------------------------------------
     0 | D:1      | Floorman, the Hill Orc Fire Elementalist, began the quest for the Orb.
     0 | D:1      | Reached XP level 1. HP: 14/14 MP: 2/2
     2 | D:1      | Noticed a minotaur
     2 | D:1      | Noticed a minotaur
     2 | D:1      | Noticed a formicid
     2 | D:1      | Noticed a vampire
     2 | D:1      | Noticed an ogre
     2 | D:1      | Noticed a human
     2 | D:1      | Noticed a centaur
     2 | D:1      | Noticed a kraken
     2 | D:1      | Noticed a naga
     2 | D:1      | Noticed a naga
     2 | D:1      | Noticed a vine stalker
     2 | D:1      | Noticed a draconian
     3 | D:1      | Killed a vine stalker
     6 | D:1      | Killed a draconian
     7 | D:1      | Killed an ogre
     8 | D:1      | Killed a naga
     9 | D:1      | Killed a vampire
     9 | D:1      | Killed a formicid
     9 | D:1      | Killed a human
    11 | D:1      | Killed a centaur
    12 | D:1      | Killed a naga
    14 | D:1      | Killed a minotaur
    15 | D:1      | Killed a minotaur
   178 | D:1      | Reached XP level 2. HP: 2/20 MP: 0/3
   534 | D:1      | Slain by a hobgoblin

Action                   || total
-------------------------++-------
Melee: Unarmed           ||    47
 Cast: Flame Tongue      ||     5
  Use: Scroll            ||     2
